 Dungeon Crawl Stone Soup version 0.25.0-9-g26727b657a (webtiles) character file.

Game seed: 1474531678478039259

454 funkygono the Shield-Bearer (level 7, -5/54 HPs)
             Began as a Formicid Fighter on June 19, 2020.
             Killed by divine providence
             ... invoked by an orc priest
              (11 damage)
             ... on level 4 of the Dungeon.
             The game lasted 00:08:05 (3529 turns).

funkygono the Shield-Bearer (Formicid Fighter)      Turns: 3529, Time: 00:08:05

Health: -5/54      AC:  9    Str: 23    XL:     7   Next: 26%
Magic:  7/7        EV:  7    Int:  7    God:
Gold:   145        SH: 15    Dex: 10    Spells: 6/6 levels left

rFire    . . .     SeeInvis +   a - +0 long sword
rCold    . . .     Gourm    .   c - +0 kite shield
rNeg     . . .     Faith    .   h - +0 chain mail
rPois    .         Spirit   .   (helmet unavailable)
rElec    .         Reflect  +   (no cloak)
rCorr    .         Harm     .   (no gloves)
MR       .....                  (no boots)
Stlth    ..........             j - amulet of reflection
HPRegen  0.18/turn              (no ring)
MPRegen  0.10/turn              (no ring)

@: no status effects
A: permanent stasis, dig shafts and tunnels, four strong arms, antennae 3
a: Dig, Shaft Self


You were on level 4 of the Dungeon.
You were not hungry.

You visited 1 branch of the dungeon, and saw 4 of its levels.

You collected 145 gold pieces.

Inventory:

Hand Weapons
 a - a +0 long sword (weapon)
Missiles
 e - 89 stones (quivered)
Armour
 b - a +0 scale mail
 c - a +0 kite shield (worn)
 h - a +0 chain mail (worn)
Jewellery
 j - an amulet of reflection (around neck)
Wands
 i - a wand of digging (2)
 m - a wand of flame (33)
Potions
 d - a potion of might
 k - 2 potions of invisibility
 l - 2 potions of brilliance {unknown}
Comestibles
 f - 5 rations
 g - 4 chunks of flesh


   Skills:
 + Level 4.2 Fighting
 + Level 4.4 Long Blades
 + Level 4.4 Armour
 + Level 1.5 Dodging
 + Level 0.5 Stealth
 + Level 5.6 Shields
 + Level 1.1 Evocations


You had 6 spell levels left.
You didn't know any spells.
Your spell library was empty.

Dungeon Overview and Level Annotations

Branches:
Dungeon (4/15)
 Temple: D:4-7

Altars:
Qazlal
Sif Muna
Trog
Wu Jian
Xom
Zin


Innate Abilities, Weirdness & Mutations

You cannot be hasted, slowed, berserked, paralysed or teleported.
You can dig through walls and to a lower floor.
Your four strong arms can wield two-handed weapons with a shield.
You have a pair of large antennae on your head. (SInv)


Message History

Your chain mail prevents you from hitting the orc priest.
The orc priest is lightly wounded.
You block the orc priest's attack.
The orc priest miscasts a cantrip.
You closely miss the orc priest.
The orc priest is lightly wounded.
The orc priest hits you but does no damage.
You closely miss the orc priest.
The orc priest is lightly wounded.
You block the orc priest's attack.
You closely miss the orc priest.
The orc priest is lightly wounded.
The orc priest invokes the aid of Beogh against you.
Beogh smites you!
* * * LOW HITPOINT WARNING * * *
You hit the orc priest.
The orc priest is moderately wounded.
The orc priest mumbles some strange prayers to Beogh against you.
Beogh smites you!
You die...

.a { #... # #. ..# #...
####.#. #.# ###. .....#'##
#.# #. ##...## #.# #.
##.....## ### #.# #.
##.......## ##.###.# ##
#.........####...##.########
+.........o@................
#.........##.....÷#.########
##...<...##..........# #.
##.....###._.....#.#.# #.
##...###..........##.# #.
##+# #....⌠.._..# #.# #.
#..........# .# #.
##.......### # #. #..._...#
{ #.


You could see an orc priest.

Vanquished Creatures
  A scorpion (D:4)
  A centaur zombie (D:4)
  An orc priest (D:4)
  3 orc wizards (D:4)
  Ijyb (D:4)
  Terence (D:2)
  3 worker ants (D:4)
  5 adders
  An ooze (D:2)
  2 worms (D:3)
  A dart slug (D:3)
  2 leopard geckos
  13 orcs
  5 giant cockroaches
  5 goblins
  9 hobgoblins
  3 jackals (D:3)
  3 quokkas
  8 bats
  2 frilled lizards
  A jackal skeleton (D:4)
  6 kobolds
  6 rats
83 creatures vanquished.

Vanquished Creatures (others)
  An orc wizard (D:3)
1 creature vanquished.

Grand Total: 84 creatures vanquished

Notes
Turn   | Place    | Note
-------+----------+-------------------------------------------
     0 | D:1      | funkygono the Formicid Fighter began the quest for the Orb.
     0 | D:1      | Reached XP level 1. HP: 18/18 MP: 1/1
    62 | D:1      | You fall into a shaft and drop 1 floor!
    90 | D:2      | Found a glowing silver altar of Zin.
    90 | D:2      | Found a shimmering altar of Xom.
    90 | D:2      | Noticed an angel
   253 | D:2      | Reached XP level 2. HP: 19/24 MP: 2/2
   469 | D:2      | Reached skill level 4 in Shields
   503 | D:2      | Reached XP level 3. HP: 29/29 MP: 3/3
   589 | D:2      | Noticed Terence
   624 | D:2      | Killed Terence
   624 | D:2      | Reached XP level 4. HP: 9/35 MP: 4/4
  1302 | D:2      | Reached skill level 1 in Dodging
  1980 | D:3      | Reached XP level 5. HP: 31/42 MP: 5/5
  2337 | D:3      | Found a shimmering blue altar of Sif Muna.
  2800 | D:3      | Found a bloodstained altar of Trog.
  2960 | D:4      | Reached XP level 6. HP: 48/48 MP: 6/6
  3039 | D:4      | Reached skill level 1 in Evocations
  3146 | D:4      | Reached skill level 5 in Shields
  3200 | D:4      | Reached XP level 7. HP: 34/54 MP: 7/7
  3368 | D:4      | Noticed Ijyb
  3377 | D:4      | Killed Ijyb
  3480 | D:4      | Found a bloodstained altar of Trog.
  3480 | D:4      | Found an ornate altar of the Wu Jian Council.
  3481 | D:4      | Found a stormy altar of Qazlal.
  3529 | D:4      | Killed from afar by an orc priest

Illustrated notes

Levels and vault maps discovered:
D:1:      dpeg_arrival_stone_temple_mockup, layout_rooms
D:2:      layout_basic, grunt_temple_overflow_order_and_chaos_1, minmay_cupped,
          uniq_terence
D:3:      layout_loops_cross, tgw_sif, first_ration, small_statue_intersection,
          kennysheep_cross_room, trog_butcher_becter
D:4:      layout_loops_corners, grunt_temple_overflow_open, uniq_ijyb

Skill      XL: |  1  2  3  4  5  6  7 |
---------------+----------------------+-----
Shields        | 4 5 |  5.6
Armour         | 4 |  4.4
Dodging        | 1 |  1.5
Fighting       | 4 |  4.2
Long Blades    | 3 4 |  4.4
Evocations     | 1 |  1.1
Stealth        | |  0.5

Action                   |  1- 3 |  4- 6 |  7- 9 || total
-------------------------+-------+-------+-------++-------
Melee: Long sword        |    68 |   223 |    31 ||   322
Evoke: Wand              |       |     9 |     2 ||    11
  Use: Potion            |     2 |       |       ||     2
       Scroll            |       |     6 |       ||     6
  Eat: Chunk             |       |     8 |     1 ||     9
Armor: Scale mail        |    43 |    26 |       ||    69
       Chain mail        |       |    68 |     7 ||    75
Dodge: Dodged            |    25 |    45 |     9 ||    79
Block: Kite shield       |    54 |   150 |    17 ||   221
       Reflection        |       |     1 |       ||     1
       Rpst.: Long sword |    12 |    17 |     5 ||    34
